 Dungeon Crawl Stone Soup version 0.17.1-3-g152610e (webtiles) character file.

5178 Romlok the Carver (level 10, -5/44 HPs)
             Began as a Vine Stalker Necromancer on Apr 21, 2016.
             Was a High Priest of Okawaru.
             Slain by an orc knight
             ... wielding a +3 war axe
              (29 damage)
             ... in a bailey on Apr 22, 2016.
             The game lasted 01:48:48 (7356 turns).

Romlok the Carver (Vine Stalker Necromancer)        Turns: 7356, Time: 01:48:48

Health: -5/44      AC:  7    Str: 17    XL:     10   Next: 60%
Magic:  0/17       EV: 14    Int: 15    God:    Okawaru [*****.]
Gold:   77         SH:  0    Dex: 18    Spells: 4 memorised, 9 levels left

rFire  + . .     SeeInvis .     a - +2 short sword (speed)
rCold  . . .     Clarity  .     p - +2 leather armour {rPois}
rNeg   . . .     SustAt   .     (no shield)
rPois  +         Gourm    .     m - +0 helmet
rElec  +         Spirit   +     (no cloak)
rCorr  .         Warding  .     i - +0 pair of gloves
rMut   .         Stasis   .     (no boots)
MR     ++...                    (no amulet)
Stlth  ++........               w - ring "Sumnuesk" {rElec MR+ Str+6}
                                j - ring of protection from fire

@: very slightly contaminated, drained, very resistant to hostile enchantments,
unstealthy
A: fangs 3, regeneration 2, magic shield, antimagic bite, no device heal 3, rot
immunity
a: Heroism, Finesse, Renounce Religion


You were in a bailey.
You worshipped Okawaru.
Okawaru was extremely pleased with you.
You were not hungry.

You visited 2 branches of the dungeon, and saw 9 of its levels.
You also visited: Bailey.

You collected 292 gold pieces.
You spent 215 gold pieces at shops.

Inventory:

Hand Weapons
 a - a +2 short sword of speed (weapon)
 q - a +0 vampiric long sword
 r - a +1 dagger of venom
 t - a +2 dagger of venom
Missiles
 f - 245 stones (quivered)
Armour
 i - a +0 pair of gloves (worn)
 m - a +0 helmet (worn)
 p - a +2 leather armour of poison resistance (worn)
Jewellery
 j - a ring of protection from fire (left hand)
 v - an uncursed ring of stealth
 w - the ring "Sumnuesk" (right hand) {rElec MR+ Str+6}
   (You bought it in a shop on level 6 of the Dungeon)

   [ring of strength]

   It affects your strength (+6).
   It insulates you from electricity.
   It affects your resistance to hostile enchantments.
Wands
 B - a wand of slowing (34)
Scrolls
 d - 13 scrolls of identify
 g - a scroll of magic mapping
 h - 3 scrolls of remove curse
 l - a scroll of acquirement
 n - 3 scrolls of teleportation
 x - 2 scrolls of amnesia
 A - a scroll of enchant armour
Potions
 u - a potion of might
 z - a potion of curing
Books
 b - a book of Necromancy

   Spells                             Type                      Level
   a - Pain                           Necromancy                   1
   b - Animate Skeleton               Necromancy                   1
   c - Vampiric Draining              Necromancy                   3
   d - Regeneration                   Charms/Necromancy            3
   e - Animate Dead                   Necromancy                   4
   f - Control Undead                 Necromancy                   4
 e - an Akashic Record

   Spells                             Type                      Level
   a - Dispersal                      Translocation                6
   b - Malign Gateway                 Summoning/Translocation      7
   c - Disjunction                    Translocation                8
   d - Controlled Blink               Translocation                8
 y - a book of Annihilations

   Spells                             Type                      Level
   a - Poison Arrow                   Conjuration/Poison           6
   b - Chain Lightning                Conjuration/Air              8
   c - Lehudib's Crystal Spear        Conjuration/Earth            8
   d - Glaciate                       Conjuration/Ice              9
   e - Fire Storm                     Conjuration/Fire             9
Comestibles
 c - 7 bread rations
 k - 24 chunks of flesh


   Skills:
 * Level 12.6(12.5) Long Blades
 + Level 3.8 Armour
 + Level 3.8 Dodging
 - Level 2.4 Stealth
 - Level 4.3(4.2) Spellcasting
 + Level 7.2 Necromancy
 + Level 2.4(2.3) Invocations


You had 9 spell levels left.
You knew the following spells:

 Your Spells              Type           Power        Failure   Level  Hunger
a - Pain                  Necr           ###.         1%          1    None
b - Animate Skeleton      Necr           N/A          1%          1    None
d - Vampiric Draining     Necr           ###.......   3%          3    ###....
r - Regeneration          Chrm/Necr      ##........   17%         3    ###....


Dungeon Overview and Level Annotations

Branches:
Dungeon (8/15)             Temple (1/1) D:6            Lair (0/8) D:8

Altars:
Ashenzari
Cheibriados
Dithmenos
Elyvilon
Fedhas
Gozag
Kikubaaqudgha
Makhleb
Nemelex Xobeh
Okawaru
Qazlal
Ru
Sif Muna
Trog
Vehumet
Xom
Yredelemnul
Zin
The Shining One

Shops:
D:4 ?   D:6 *   D:7 }   D:8 ?

Annotations:
D:5 Prince Ribbit


Innate Abilities, Weirdness & Mutations

You have razor-sharp teeth.
You heal very quickly.
When hurt, damage is shared between your health and your magic reserves.
Your bite disrupts and absorbs the magic of your enemies.
Potions and wands cannot restore your health.
You are immune to rotting.


Message History

The orc knight is moderately wounded.
You feel life coursing into your body.
The orc knight hits you with an enchanted war axe!
The orc knight hits your goblin skeleton with an enchanted war axe!
Your goblin skeleton is destroyed!
Casting: Vampiric Draining
Confirm with . or Enter, or press ? or * to list all spells.
Aiming: Vampiric Draining
Press: ? - help, Shift-Dir - straight line, f/p - orc knight
Aim: an orc knight, wielding an enchanted war axe and wearing a plate armour (moderately wounded)
You miscast Vampiric Draining.
You are very lightly contaminated with residual magic.
Pain shoots through your body.
You barely miss the orc knight. Your bite misses the orc knight.
The orc knight is moderately wounded.
You hit the orc knight. Your bite misses the orc knight.
The orc knight is heavily wounded.
The orc knight hits you with an enchanted war axe!!
Ouch! That really hurt!
You die...

....#..+.....'..#
'####..#..⌠..#..####
Z#.....#.....#.....#
.#.8...#.....#...8.#
Z#.....#######..)..#
Z#.8.###########)8.#
.#.................#
.#.8.............8.#
.'.)...Z.._....Z@o.+
.##Z#...........#g##
.#Z)#############o.#
.#Z.#%%..+ +..[[#gg#
.#..#%%..# #..[[#..#
.#..######.######..#
.#..'....^∩. '..#
+#########.# ####


You could see 2 orc knights, a hobgoblin, 2 goblins and a friendly orc skeleton.

Vanquished Creatures
  An orc sorcerer (Bailey)
  The ghost of Romlok the Grave Robber, a novice VSNe (D:5)
  A kobold demonologist (Bailey)
  A troll (D:8)
  A trapdoor spider zombie (D:8)
  Sigmund (D:6)
  A wolf (D:8)
  A sky beast (D:5)
  Duvessa (D:5)
  A phantom (D:4)
  2 centaurs
  5 orc warriors (Bailey)
  An ice beast (D:8)
  3 ogres
  3 giant frogs
  Blork the orc (D:5)
  A big kobold (D:7)
  Dowan (D:5)
  A scorpion (D:7)
  A jelly (D:8)
  An electric eel (Bailey)
  A giant frog zombie (D:5)
  3 crimson imps
  3 orc priests
  A centaur zombie (D:8)
  2 orc wizards
  A giant frog skeleton (D:5)
  6 hounds
  A centaur skeleton (D:7)
  6 worker ants
  3 iguanas
  A hound skeleton (D:4)
  3 worker ant zombies
  10 adders
  2 gnolls
  Natasha (D:3)
  A shadow imp (D:6)
  3 oozes
  A worm (D:4)
  An adder skeleton (D:4)
  2 adder zombies
  3 giant geckos
  31 orcs
  4 ball pythons
  A giant cockroach (D:3)
  9 hobgoblins
  6 jackals
  3 quokkas
  3 bats
  A giant gecko skeleton (D:4)
  2 giant newts (D:2)
  16 goblins
  A jackal skeleton (D:4)
  14 kobolds
  A quokka skeleton (D:4)
  7 rats
184 creatures vanquished.

Vanquished Creatures (collateral kills)
  A hippogriff (D:7)
  A giant frog (D:8)
  A jelly (D:8)
  An orc priest (D:3)
  A worker ant (D:6)
  Natasha (D:3)
  An orc wizard (D:8)
  A hound zombie (D:4)
  A shadow imp (D:5)
  6 orcs
  A goblin (D:3)
  A hobgoblin (Bailey)
  A kobold (D:3)
  A giant newt (D:2)
19 creatures vanquished.

Vanquished Creatures (others)
  A goblin (Bailey)
1 creature vanquished.

Grand Total: 204 creatures vanquished

Notes
Turn   | Place    | Note
--------------------------------------------------------------
     0 | D:1      | Romlok the Vine Stalker Necromancer began the quest for the Orb.
     0 | D:1      | Reached XP level 1. HP: 9/9 MP: 4/4
    37 | D:1      | Learned a level 1 spell: Animate Skeleton
   372 | D:1      | Reached XP level 2. HP: 10/13 MP: 3/6
  1044 | D:2      | Found a glowing golden altar of the Shining One.
  1242 | D:2      | Reached XP level 3. HP: 14/16 MP: 4/8
  1263 | D:2      | Found a shattered altar of Ashenzari.
  1316 | D:2      | Gained mutation: You are frail (-10% HP). [potion of mutation]
  1316 | D:2      | Gained mutation: You have a pair of small horns on your head. [potion of mutation]
  1316 | D:2      | Gained mutation: You have razor-sharp teeth. [potion of mutation]
  1863 | D:3      | Reached XP level 4. HP: 16/18 MP: 9/9
  1870 | D:3      | Reached skill level 5 in Necromancy
  2132 | D:3      | Found a shattered altar of Ashenzari.
  2132 | D:3      | Found a glowing silver altar of Zin.
  2133 | D:3      | Found an iron altar of Okawaru.
  2170 | D:3      | Found a burning altar of Makhleb.
  2187 | D:3      | Became a worshipper of Warmaster Okawaru
  2340 | D:3      | Noticed Natasha
  2349 | D:3      | Killed Natasha
  2349 | D:3      | Reached XP level 5. HP: 9/21 MP: 3/11
  2483 | D:3      | Found a snail-covered altar of Cheibriados.
  2574 | D:3      | Your ally Natasha died
  2589 | D:3      | Reached skill level 1 in Armour
  2676 | D:3      | Noticed Natasha
  2683 | D:3      | Killed Natasha
  2683 | D:3      | Gained mutation: You heal very quickly. [Vine Stalker growth]
  2683 | D:3      | Reached XP level 6. HP: 22/25 MP: 9/13
  2866 | D:3      | Your ally Natasha died
  2952 | D:3      | Learned a level 3 spell: Regeneration
  2956 | D:3      | Learned a level 3 spell: Vampiric Draining
  2997 | D:4      | Found a white marble altar of Elyvilon.
  3017 | D:4      | Found an opulent altar of Gozag.
  3308 | D:4      | Reached * piety under Okawaru
  3333 | D:4      | Reached skill level 1 in Long Blades
  3424 | D:4      | Reached XP level 7. HP: 24/28 MP: 14/14
  3442 | D:4      | Found Cokhupt's Magic Scroll Shoppe.
  3445 | D:4      | Bought a scroll of remove curse for 33 gold pieces
  3564 | D:4      | Reached skill level 11 in Long Blades
  3564 | D:4      | Mutation became permanent: You have razor-sharp teeth. [Vine Stalker growth]
  3564 | D:4      | Reached XP level 8. HP: 32/32 MP: 15/15
  4093 | D:5      | Entered Level 5 of the Dungeon
  4102 | D:5      | Noticed Prince Ribbit
  4334 | D:5      | Noticed Dowan
  4406 | D:5      | Lost mutation: You are frail (-10% HP). [potion of cure mutation]
  4406 | D:5      | Lost mutation: You have a pair of small horns on your head. [potion of cure mutation]
  4511 | D:5      | Noticed Romlok's ghost (novice VSNe)
  4634 | D:5      | Killed Dowan
  4636 | D:5      | Noticed Duvessa
  4688 | D:5      | Your ally Dowan died
  4704 | D:5      | Killed Duvessa
  4704 | D:5      | Reached ** piety under Okawaru
  4848 | D:5      | Your ally Duvessa died
  5040 | D:5      | Found an ancient bone altar of Kikubaaqudgha.
  5073 | D:5      | Killed Romlok's ghost
  5073 | D:5      | Reached XP level 9. HP: 18/39 MP: 12/16
  5122 | D:5      | Noticed Blork the orc
  5133 | D:5      | Killed Blork the orc
  5133 | D:5      | Reached skill level 12 in Long Blades
  5450 | D:6      | Reached *** piety under Okawaru
  5568 | D:6      | Found a staircase to the Ecumenical Temple.
  5628 | D:6      | Found Axkujoy's Assorted Antiques.
  5635 | D:6      | Bought a fine silver ring for 140 gold pieces
  5635 | D:6      | Identified the ring "Sumnuesk" {rElec MR+ Str+6} (You bought it in a shop on level 6 of the Dungeon)
  5651 | Temple   | Entered the Ecumenical Temple
  5881 | D:6      | Noticed Sigmund
  5942 | D:6      | Killed Sigmund
  6218 | D:7      | Found a deep blue altar of Sif Muna.
  6530 | D:7      | Found Qyl Vuog's Gadget Shoppe.
  6556 | D:8      | Found Dodopayh's Magic Scroll Shoppe.
  6567 | D:8      | Bought a scroll of remove curse for 42 gold pieces
  6636 | D:8      | Reached **** piety under Okawaru
  6652 | D:8      | Reached skill level 1 in Invocations
  6689 | D:8      | Reached XP level 10. HP: 37/44 MP: 14/17
  6717 | D:8      | Found a staircase to the Lair.
  6893 | D:8      | Found a flagged portal.
  7013 | Bailey   | Entered a bailey
  7101 | Bailey   | Found an iron altar of Okawaru.
  7101 | Bailey   | Noticed an orc sorcerer
  7131 | Bailey   | Reached ***** piety under Okawaru
  7142 | Bailey   | Killed an orc sorcerer
  7325 | Bailey   | Noticed an orc knight
  7325 | Bailey   | Noticed an orc knight
  7356 | Bailey   | Slain by an orc knight

Action                   |  1- 3 |  4- 6 |  7- 9 | 10-12 || total
-------------------------+-------+-------+-------+-------++-------
Melee: Short sword       |    45 |   122 |   347 |   181 ||   695
Throw: Stone             |     1 |     5 |    12 |     1 ||    19
 Cast: Pain              |    28 |     9 |    44 |    10 ||    91
       Animate Skeleton  |    19 |    16 |    21 |    19 ||    75
       Vampiric Draining |       |       |     7 |    12 ||    19
Invok: Heroism           |       |       |       |     2 ||     2
  Use: Scroll            |     4 |       |     5 |       ||     9
       Potion            |     5 |     2 |     4 |     1 ||    12
 Stab: Sleeping          |     5 |     1 |     9 |       ||    15
       Distracted        |       |       |     1 |       ||     1
  Eat: Chunk             |     3 |     4 |    12 |     4 ||    23
       Fruit             |       |     1 |       |       ||     1
